 Dungeon Crawl Stone Soup version 0.31.0-32-g396128a36d (webtiles) character file.

Game seed: 17324053971776847705

545 Alphaeus the Ruffian (level 7, -1/66 HPs)
             Began as a Troll Shapeshifter on Mar 19, 2024.
             Was an Initiate of Qazlal.
             Killed from afar by Ijyb (15 damage)
             ... with a bolt of acid
             ... on level 5 of the Dungeon.
             The game lasted 00:02:40 (4461 turns).

Alphaeus the Ruffian (Troll Shapeshifter)           Turns: 4461, Time: 00:02:40

Health: -1/66      AC: -4    Str: 25    XL:     7   Next: 6%
Magic:  6/6        EV:  9    Int:  6    God:    Qazlal [......]
Gold:   211        SH:  0    Dex:  9    Spells: 6/6 levels left

rFire   . .          .
                       - Unarmed
rCold   . . .        (no shield)
rNeg    . . .        a - +0 animal skin
rPois   .            (helmet currently unavailable)
rElec   .            (cloak currently unavailable)
rCorr   .            (gloves unavailable)
SInv    .            (boots unavailable)
Will    .....        (no amulet)
Stlth   +            (no ring)
HPRegen 1.11/turn    (no ring)
MPRegen 0.10/turn

%: no passive effects
@: beast-form, corroded
A: beast (slay +3), large, unfitting armour, claws 3, regeneration 1, shaggy fur
1, tough skin 1
a: Begin Untransformation, Renounce Religion


You were on level 5 of the Dungeon.
You worshipped Qazlal.
Qazlal was noncommittal.
You were a hulking beast.
You visited 2 branches of the dungeon, and saw 6 of its levels.

You collected 211 gold pieces.

Inventory:

Armour
 a - a +0 animal skin (worn)
Jewellery
 e - a ring of magical power
 h - a +4 ring of slaying
Talismans
 c - a beast talisman
 d - a flux talisman
Wands
 r - a wand of roots (10)
 t - a wand of paralysis (12)
Scrolls
 f - 6 scrolls of identify {unknown}
 i - 2 scrolls of teleportation {unknown}
 j - a scroll of vulnerability {unknown}
 l - a scroll of fog {unknown}
 o - 2 scrolls of blinking {unknown}
 q - a scroll of amnesia {unknown}
 u - a scroll of butterflies {unknown}
 w - a scroll of noise {unknown}
 y - a scroll of immolation {unknown}
Potions
 b - 3 potions of lignification
 g - 2 potions of heal wounds {unknown}
 k - 2 potions of curing
 m - 3 potions of degeneration {unknown}
 n - 2 potions of haste {unknown}
 p - a potion of brilliance {unknown}
 s - a potion of mutation {unknown}
 v - 2 potions of cancellation {unknown}
 x - a potion of enlightenment {unknown}


   Skills:
 + Level 2.6 Fighting
 - Level 1.5 Dodging
 * Level 5.6 Unarmed Combat
 * Level 5.2 Shapeshifting


You had 6 spell levels left.
You didn't know any spells.
Your spell library contained the following spells:

 Spells                   Type           Power      Damage    Failure   Level
 Apportation              Tloc           0%         N/A       45%         1
 Freeze                   Ice            0%         1d3       45%         1
 Jinxbite                 Hex            0%         N/A       58%         2
 Lesser Beckoning         Tloc           0%         N/A       58%         2
 Frozen Ramparts          Ice            0%         1d1       83%         3
 Gell's Gravitas          Tloc           0%         N/A       83%         3
 Hailstorm                Conj/Ice       0%         3d5       83%         3
 Teleport Other           Tloc           0%         N/A       83%         3
 Alistair's Intoxication  Alch           0%         N/A       100%        5


Dungeon Overview and Level Annotations

Branches:
Dungeon (5/15)             Temple (1/1) D:4

Altars:
Dithmenos
Elyvilon
Fedhas
Hepliaklqana
Kikubaaqudgha
Qazlal
Sif Muna
Trog
Uskayaw
Vehumet
Xom
Yredelemnul
Zin
The Shining One

Shops:
D:4 *

Annotations:
D:5 Ijyb


Innate Abilities, Weirdness & Mutations

You are a hulking beast.
Your limbs bulge with bestial killing power. (Slay +3)
You are too large for most types of armour.
You have claws for hands.
Your natural rate of healing is unusually fast.
You are covered in fur. (AC +1)
You have tough skin. (AC +1)


Message History

You are too injured to fight recklessly!
You are too injured to fight recklessly!
You are too injured to fight recklessly!
You claw Ijyb!
Ijyb is moderately wounded.
Ijyb screams, "Die!"
Ijyb barely misses you.
You scratch Ijyb.
Ijyb is heavily wounded.
Ijyb hits you with a +0 club.
You barely miss Ijyb.
Ijyb is heavily wounded.
Ijyb screams, "I dance on your bones!"
Ijyb zaps a wand.
The bolt of acid hits you!
* * * LOW HITPOINT WARNING * * *
You scratch Ijyb.
Ijyb is severely wounded.
Ijyb hits you with a +0 club.
* * * LOW HITPOINT WARNING * * *
You scratch Ijyb but do no damage.
Ijyb is severely wounded.
You claw Ijyb!
Ijyb is almost dead.
Ijyb closely misses you.
You barely miss Ijyb.
Ijyb is almost dead.
Ijyb hits you with a +0 club.
* * * LOW HITPOINT WARNING * * *
You scratch Ijyb but do no damage.
Ijyb is almost dead.
Ijyb hits you with a +0 club.
* * * LOW HITPOINT WARNING * * *
You scratch Ijyb but do no damage. Your claw misses Ijyb.
Ijyb is almost dead.
Ijyb hits you with a +0 club.
* * * LOW HITPOINT WARNING * * *
You feel better. Ijyb screams, "I cut your head off!"
Ijyb zaps a wand.
The bolt of acid hits you!
You die...

#.###.#
##..............#
#.....#
#.##############
####### #.# #.#
#.# #.# #.#
##.#### #..hg.#
#.###.# #. .. #.
## .. .. ###


You could see Ijyb.

Vanquished Creatures
  An ice beast (D:5)
  An ogre (D:4)
  A scorpion (D:4)
  A bombardier beetle (D:4)
  2 hounds (D:5)
  2 orc priests (D:3)
  2 orc wizards
  4 adders
  2 ribbon worms
  10 orcs
  5 ball pythons
  6 bats
  8 endoplasms
  3 giant cockroaches
  2 goblins
  2 hobgoblins
  2 jackals (D:3)
  2 quokkas (D:2)
  4 frilled lizards
  6 kobolds
  3 rats
69 creatures vanquished.

Notes
Turn   | Place    | Note
-------+----------+-------------------------------------------
     0 | D:1      | Alphaeus the Troll Shapeshifter began the quest for the
                  | Orb.
     0 | D:1      | Reached XP level 1. HP: 18/18 MP: 0/0
   563 | D:1      | Reached skill level 1 in Fighting
   587 | D:1      | Reached XP level 2. HP: 27/27 MP: 1/1
  1162 | D:2      | Reached XP level 3. HP: 33/33 MP: 2/2
  1589 | D:3      | Reached XP level 4. HP: 41/41 MP: 3/3
  1794 | D:3      | Found a hide-covered altar of Uskayaw.
  1925 | D:3      | Found a bloodstained altar of Trog.
  1930 | D:3      | Found a shimmering blue altar of Sif Muna.
  2299 | D:4      | Found a staircase to the Ecumenical Temple.
  2315 | Temple   | Entered the Ecumenical Temple
  2346 | Temple   | Became a worshipper of Qazlal Stormbringer
  2389 | D:4      | Reached XP level 5. HP: 10/49 MP: 4/4
  3067 | D:4      | Noticed an ogre
  3072 | D:4      | Killed an ogre
  3073 | D:4      | Reached skill level 5 in Unarmed Combat
  3073 | D:4      | Reached XP level 6. HP: 41/57 MP: 5/5
  3097 | D:4      | Found Tesuzul's Assorted Antiques.
  3752 | D:4      | Found a white marble altar of Elyvilon.
  3841 | D:5      | Entered Level 5 of the Dungeon
  4018 | D:5      | Reached skill level 5 in Shapeshifting
  4261 | D:5      | Found a faded altar of an unknown god.
  4261 | D:5      | Found a hazy altar of Hepliaklqana.
  4262 | D:5      | Found a faded altar of an unknown god.
  4287 | D:5      | HP: 1/59 [poisoned by an orc wizard]
  4438 | D:5      | Noticed an ice beast
  4444 | D:5      | Killed an ice beast
  4445 | D:5      | Reached XP level 7. HP: 66/66 MP: 6/6
  4447 | D:5      | Noticed Ijyb
  4460 | D:5      | HP: 2/66 [Ijyb/+0 club (6)]
  4461 | D:5      | Killed from afar by Ijyb

Illustrated notes

Levels and vault maps discovered:
D:1:      tarquinn_simple_flora_water_d, layout_loops_ring,
          kennysheep_small_spiral
D:2:      layout_basic
D:3:      layout_loops_ring, hellmonk_overflow_destroyed_library,
          mainiacjoe_overflow_concentric_impassable
D:4:      layout_layer_cave, nicolae_elyvilon_temple_path,
          minmay_temple_entry_tees, serial_shops, nicolae_square_shop,
          roderic_lattice_a
D:5:      layout_loops_corners, nicolae_hepliaklqana_ecumenical_no_more,
          serial_bayou_pond_d, minmay_lizard_king, uniq_ijyb
Temple:   kb_temple_of_zot

Skill      XL: |  1  2  3  4  5  6 |
---------------+-------------------+-----
Fighting       | 1 2 |  2.6
Unarmed Combat | 4 5 |  5.6
Shapeshifting  | 4 5 |  5.2
Dodging        | |  1.5

Action                     |  1- 3 |  4- 6 |  7- 9 || total
---------------------------+-------+-------+-------++-------
  Melee: Unarmed           |    58 |   131 |    12 ||   201
         Punch             |       |     3 |       ||     3
    Use: Potion            |       |     1 |     1 ||     2
   Stab: Sleeping          |     3 |       |       ||     3
 Armour: Animal skin       |    30 |    84 |    10 ||   124
  Dodge: Dodged            |    15 |    42 |     3 ||    60
